cohdb
Replays
Latest Replays
All Replays
Popular Replays
Top Player Replays
Match Explorer
How It Works
Community
CoH3 Stats
Reddit
Sign in to upload your games and track your stats! →
Sign in with Steam
Match 42539995
Unlisted
Match 42539995
Overview
Messages
Build Orders
End
Panzerpioneer Squad
250 Light Carrier
250 Light Carrier
Construct Light Support Kompanie
Combat Half-tracks
Fire Support Elements
Veteran Squad Leaders
Vehicle Survival Package
Flakvierling Half-track
Assault Mechanized Group
Selects Panzerjäger Kommand Battlegroup
Selects Mine Fields
Selects Defensive Positions
Construct Mechanized Kompanie
Panzerjäger Squad
Panzerjäger Squad
254 Reconnaissance Tractor
Selects Butterfly Bomb Drop
Selects Tank Busters
Marder III Tank Destroyer
Marder III Tank Destroyer
Assault Mechanized Group
StuG III D Assault Gun
Emergency Repair Kits
254 Reconnaissance Tractor
KMS Bismarck
silence
Farsurem
SHAMANSTEVE
B1t
SkyCurv
Fsihbone
lengfeng988
0
0
Comments
sign in to comment!
No comments posted yet!